 Dungeon Crawl Stone Soup version 0.21.0 (webtiles) character file.

1113 Esekla the Cutter (level 8, -3/54 HPs)
             Began as a Vampire Wizard on Jan 7, 2018.
             Was an Initiate of Ashenzari.
             Hit by a stone thrown by a wight (8 damage)
             ... on level 6 of the Dungeon.
             The game lasted 02:23:41 (11541 turns).

Esekla the Cutter (Vampire Wizard)                 Turns: 11541, Time: 02:23:41

Health: -3/54      AC:  3    Str:  6    XL:     8   Next: 12%
Magic:  13/13      EV: 14    Int: 20    God:    Ashenzari [......]
Gold:   410        SH:  0    Dex: 17    Spells: 5/14 levels left

rFire    . . .     SeeInvis +   d - +1 short sword (venom) (curse)
rCold    + + .     Gourm    .   (no shield)
rNeg     + + +     Faith    +   a - +0 robe
rPois    ∞         Spirit   .   b - +0 hat
rElec    .         Reflect  .   (no cloak)
rCorr    .         Harm     .   n - +0 pair of gloves
MR       .....                  (no boots)
Stlth    +++++.....             s - amulet of faith (curse)
HPRegen  0.00/turn              (no ring)
MPRegen  0.13/turn              (no ring)

@: infused, bloodless, non-regenerating
A: fangs 3, see invisible, agile 1, unbreathing
a: Bat Form, Curse Item, Renounce Religion


You were on level 6 of the Dungeon.
You worshipped Ashenzari.
Ashenzari was noncommittal.
You were bloodless.

You visited 1 branch of the dungeon, and saw 6 of its levels.

You collected 422 gold pieces.
You spent 12 gold pieces at shops.

Inventory:

Hand Weapons
 d - a cursed +1 short sword of venom (weapon)
Missiles
 l - 74 stones
 t - 13 tomahawks (quivered)
Armour
 a - a +0 robe (worn)
 b - a +0 hat (worn)
 n - a +0 pair of gloves (worn)
 v - a +2 ring mail of fire resistance
Jewellery
 s - a cursed amulet of faith (around neck)
 z - an uncursed ring of poison resistance
Wands
 y - a wand of flame (11)
Scrolls
 e - a scroll of magic mapping
 f - a scroll of immolation {unknown}
 g - a scroll of remove curse
 h - a scroll of noise {unknown}
 j - 2 scrolls of identify
 o - a scroll of enchant armour {unknown}
 q - a scroll of amnesia
 w - 4 scrolls of enchant weapon
 x - a scroll of teleportation
Potions
 k - 2 potions of blood
 m - a potion of agility
 p - 3 potions of might
 u - 2 potions of invisibility
Books
 c - a book of Minor Magic

   Spells                             Type                      Level
   a - Magic Dart                     Conjuration                  1
   b - Blink                          Translocation                2
   c - Call Imp                       Summoning                    2
   d - Slow                           Hexes                        2
   e - Conjure Flame                  Conjuration/Fire             3
   f - Mephitic Cloud                 Conjuration/Poison/Air       3
 r - a book of Battle

   Spells                             Type                      Level
   a - Infusion                       Charms                       1
   b - Shroud of Golubria             Charms/Translocation         2
   c - Song of Slaying                Charms                       2
   d - Spectral Weapon                Hexes/Charms                 3
   e - Regeneration                   Charms/Necromancy            3


   Skills:
 - Level 1.0 Fighting
 * Level 6.0 Short Blades
 + Level 3.9 Dodging
 + Level 4.0 Stealth
 + Level 3.6 Spellcasting
 + Level 1.5 Conjurations
 * Level 4.7 Hexes
 * Level 3.5 Charms
   Level 1.0 Summonings
   Level 1.2 Translocations
 + Level 1.8 Air Magic
 + Level 1.4 Poison Magic


You had 5 spell levels left.
You knew the following spells:

 Your Spells              Type           Power        Failure   Level  Hunger
a - Spectral Weapon       Hex/Chrm       ###.....     8%          3    ###....
c - Mephitic Cloud        Conj/Pois/Air  #.......     21%         3    ###....
d - Song of Slaying       Chrm           ###.....     4%          2    ##.....
e - Infusion              Chrm           ###.         3%          1    None


Dungeon Overview and Level Annotations

Branches:
Dungeon (6/15)
 Temple: D:4-7

Altars:
Ashenzari
Cheibriados
Dithmenos
Fedhas
Qazlal
Yredelemnul

Shops:
D:4 !


Innate Abilities, Weirdness & Mutations

You do not heal naturally.
You are immune to poison.
You have razor-sharp teeth.
You have supernaturally acute eyesight. (SInv)
You can survive without breathing.
You are agile. (Dex +2)


Message History

The wight throws a stone.
The stone barely misses you. The wight closely misses you.
You see here a stone.
You barely miss the wight. The wight misses you.
You hit the wight.
The wight is lightly damaged.
The wight hits you with a dire flail!
* * * LOW HITPOINT WARNING * * *
You hit the wight but do no damage.
The wight is lightly damaged.
You hit the wight.
The wight is lightly damaged.
The wight hits you with a dire flail.
* * * LOW HITPOINT WARNING * * *
You closely miss the wight. Your bite misses the wight.
The wight is lightly damaged.
The wight hits you with a dire flail!
* * * LOW HITPOINT WARNING * * *
The wight throws a stone.
The stone hits you!
You die...

############# #..(........#
####### #### #...........#
#.....###..## #...........#
##....##.....###...........#
.....##..##...##@#.....#####
.....#..).##..##(#####.#
...(.#..(_.#...z......>#
######....##..######.#.#
.....##.)##?..####...#.#
......##.)...#.....#####
.......###?.##%....#
......)..<#........#
..........#)##.....#


You could see a wight.

Vanquished Creatures
  A phantom (D:5)
  An ogre (D:6)
  3 centaurs
  2 wights (D:6)
  A howler monkey (D:6)
  3 crimson imps
  A bullfrog zombie (D:5)
  3 hounds
  2 centaur skeletons
  A bullfrog skeleton (D:6)
  Terence (D:3)
  An iguana (D:2)
  3 worker ants
  2 worker ant zombies
  4 adders
  2 adder skeletons (D:5)
  A worm (D:6)
  4 dart slugs
  29 orcs
  2 ball pythons
  4 giant cockroaches
  5 goblins
  9 hobgoblins
  6 jackals
  4 quokkas
  6 bats
  5 frilled lizards
  4 kobolds
  A leopard gecko skeleton (D:4)
  A leopard gecko zombie (D:2)
  A quokka skeleton (D:4)
  2 rats
115 creatures vanquished.

Notes
Turn   | Place    | Note
-------+----------+-------------------------------------------
     0 | D:1      | Esekla the Vampire Wizard began the quest for the Orb.
     0 | D:1      | Reached XP level 1. HP: 13/13 MP: 4/4
   151 | D:1      | Reached skill level 1 in Short Blades
   190 | D:1      | Reached XP level 2. HP: 20/20 MP: 6/6
   196 | D:1      | Learned a level 2 spell: Blink
   358 | D:2      | Found a transporter.
   377 | D:2      | Found a transporter.
   383 | D:2      | Found a shattered altar of Ashenzari.
   569 | D:1      | Reached skill level 2 in Short Blades
   652 | D:2      | Reached skill level 1 in Fighting
   973 | D:2      | Reached XP level 3. HP: 16/26 MP: 0/7
   979 | D:2      | Learned a level 3 spell: Mephitic Cloud
  1573 | D:3      | Noticed Terence
  2235 | D:4      | Reached skill level 1 in Translocations
  2730 | D:3      | Reached XP level 4. HP: 22/32 MP: 4/8
  2765 | D:3      | Found a snail-covered altar of Cheibriados.
  2821 | D:3      | Killed Terence
  2821 | D:3      | Reached skill level 1 in Air Magic
  3045 | D:3      | Found a stormy altar of Qazlal.
  3818 | D:2      | Became a worshipper of Ashenzari the Shackled
  3868 | D:2      | Learned a level 2 spell: Song of Slaying
  3870 | D:2      | Learned a level 1 spell: Infusion
  5538 | D:2      | Reached skill level 3 in Short Blades
  5538 | D:2      | Reached skill level 1 in Conjurations
  5884 | D:4      | Reached XP level 5. HP: 36/37 MP: 9/9
  5982 | D:4      | Found Kioruyc's Distillery.
  5989 | D:4      | Bought a potion of degeneration for 12 gold pieces
  6085 | D:4      | Noticed an ogre
  6199 | D:5      | Entered Level 5 of the Dungeon
  6671 | D:4      | Reached skill level 1 in Poison Magic
  7214 | D:5      | Gained mutation: You are agile. (Dex +2) [potion of mutation]
  7404 | D:5      | Noticed a phantom
  7541 | D:4      | Learned a level 3 spell: Spectral Weapon
  7865 | D:5      | Reached skill level 1 in Charms
  7869 | D:5      | Found a basalt altar of Yredelemnul.
  7997 | D:5      | Reached skill level 1 in Hexes
  7997 | D:5      | Reached XP level 6. HP: 43/43 MP: 10/10
  8286 | D:5      | Reached skill level 4 in Short Blades
  8413 | D:6      | Reached XP level 7. HP: 10/48 MP: 5/12
  8953 | D:6      | Reached skill level 5 in Short Blades
  9957 | D:6      | Found a shadowy altar of Dithmenos.
 10019 | D:5      | Found a blossoming altar of Fedhas.
 10617 | D:5      | Reached skill level 6 in Short Blades
 10617 | D:5      | Reached XP level 8. HP: 19/54 MP: 9/13
 11541 | D:6      | Hit by a stone thrown by a wight

Skill      XL: |  1  2  3  4  5  6  7  8 |
---------------+-------------------------+-----
Short Blades   | 1 2 3 4 6 |  6.0
Fighting       | 1 |  1.0
Translocations | 1 |  1.2
Air Magic      | 1 |  1.8
Dodging        | 3 |  3.9
Conjurations   | 1 |  1.5
Poison Magic   | 1 |  1.4
Charms         | 1 2 3 |  3.5
Hexes          | 1 2 4 |  4.7
Stealth        | 4 |  4.0
Spellcasting   | |  3.6
Summonings     | |  1.0

Action                   |  1- 3 |  4- 6 |  7- 9 || total
-------------------------+-------+-------+-------++-------
Melee: Dagger            |   150 |   160 |       ||   310
       Unarmed           |     2 |       |       ||     2
       Bite              |    13 |    18 |    12 ||    43
       Short sword       |       |    49 |   153 ||   202
Throw: Stone             |     1 |       |     1 ||     2
       Tomahawk          |       |    22 |    26 ||    48
 Cast: Magic Dart        |    54 |    20 |       ||    74
       Mephitic Cloud    |       |    11 |     2 ||    13
       Infusion          |       |    14 |    10 ||    24
Invok: Curse Item        |       |     2 |       ||     2
 Abil: End Transformatio |     1 |    19 |     2 ||    22
       Bat Form          |     1 |    19 |     2 ||    22
  Use: Potion            |     2 |    11 |    10 ||    23
       Scroll            |       |    12 |       ||    12
 Stab: Sleeping          |     8 |    12 |       ||    20
       Confused          |       |     4 |     1 ||     5
       Distracted        |       |       |     2 ||     2
Armor: Robe              |    23 |    19 |    13 ||    55
Dodge: Dodged            |   119 |   157 |    75 ||   351
